 Dungeon Crawl Stone Soup version 0.28-a0-1395-g4f6bc678fa (webtiles) character file.

Game seed: 3574179381417468165

4 eustatius the Skirmisher (level 1, -1/20 HPs)
             Began as a Minotaur Monk on Jan 4, 2022.
             Slain by a ball python (2 damage)
             ... on level 1 of the Dungeon.
             The game lasted 00:00:10 (33 turns).

eustatius the Skirmisher (Minotaur Monk)              Turns: 33, Time: 00:00:11

Health: -1/20      AC:  2    Str: 15    XL:     1   Next: 58%
Magic:  0/0        EV: 13    Int:  7    God:
Gold:   6          SH:  0    Dex: 12    Spells: 0/0 levels left

rFire   . . .      SeeInvis .   a - +0 spear
rCold   . . .      Faith    .   (no shield)
rNeg    . . .      Spirit   .   b - +0 robe
rPois   .          Reflect  .   (helmet restricted)
rElec   .          Harm     .   (no cloak)
rCorr   .          Rampage  .   (no gloves)
Will    .....                   (no boots)
Stlth   ++........              (no amulet)
HPRegen 0.06/turn               (no ring)
MPRegen 0.07/turn               (no ring)

@: no status effects
A: horns 2, retaliatory headbutt
a: no special abilities


You were on level 1 of the Dungeon.
You visited 1 branch of the dungeon, and saw 1 of its levels.

You collected 6 gold pieces.

Inventory:

Hand Weapons
 a - a +0 spear (weapon)
Armour
 b - a +0 robe (worn)


   Skills:
 + Level 3.8 Fighting
 + Level 3.6 Polearms
 + Level 3.5 Dodging
 + Level 1.5 Stealth


You couldn't memorise any spells.
You didn't know any spells.
Your spell library was empty.

Dungeon Overview and Level Annotations

Branches:
Dungeon (1/15)

Altars:


Innate Abilities, Weirdness & Mutations

You have a pair of horns on your head.
You reflexively headbutt those who attack you in melee.


Message History

a +0 dagger; a kobold corpse You barely miss the jackal.
The jackal barks!
You headbutt the jackal.
You kill the jackal!
A ball python comes into view.
The jackal closely misses you.
The jackal bites you but does no damage.
A gnoll comes into view. It is wielding a +0 club.
The jackal closely misses you. You furiously retaliate!
You headbutt the jackal, but do no damage.
You barely miss the jackal.
The ball python hisses angrily.
The jackal closely misses you. The ball python closely misses you. x2
The jackal misses you.
You barely miss the jackal.
The gnoll shouts!
Your headbutt misses the jackal. The jackal bites you.
The jackal bites you but does no damage.
The ball python barely misses you. The ball python grabs you.
The ball python constricts you. The jackal closely misses you.
You hit the jackal.
You kill the jackal!
The ball python barely misses you. The ball python constricts you.
* * * LOW HITPOINT WARNING * * *
The jackal bites you.
* * * LOW HITPOINT WARNING * * *
You barely miss the jackal. The jackal closely misses you.
You furiously retaliate!
You headbutt the jackal!
You kill the jackal!
The ball python bites you but does no damage.
The ball python constricts you.
The jackal bites you but does no damage.
You escape the ball python's grasp.
The jackal bites you.
* * * LOW HITPOINT WARNING * * *
You see here a jackal corpse.
The ball python barely misses you. The ball python closely misses you.
The jackal barely misses you. The jackal misses you. The jackal misses you.
The gnoll closely misses you. The ball python bites you.
You die...

..+.. #.#.#
####.#.####......
#.........#.....#
#.##...##.#.....##
#.<#...# ......#
.####...####.......
...................
####.###@Sh........
#..#.gh†).......
..##...S..........
#.(...............
######............
#.........##.#.
#.##.#...... # #..
..#.##!... ...
####.# #....


You could see a gnoll, 2 jackals and 2 ball pythons.

Vanquished Creatures
  3 jackals (D:1)
  A kobold (D:1)
4 creatures vanquished.

Notes
Turn   | Place    | Note
-------+----------+-------------------------------------------
     0 | D:1      | eustatius the Minotaur Monk began the quest for the Orb.
     0 | D:1      | Reached XP level 1. HP: 19/19 MP: 0/0
    30 | D:1      | HP: 1/20 [jackal (2)]
    33 | D:1      | Slain by a ball python

Illustrated notes

Levels and vault maps discovered:
D:1:      onia_arrival_mini_spirals, layout_rooms,
          hellmonk_ecumenical_altar_run_dry

Action                   || total
-------------------------++-------
Melee: Spear             ||     8
       Headbutt          ||     1
Armor: Robe              ||     5
Dodge: Dodged            ||    18

Table legend: (Time is in decaauts)
 A = Elapsed time spent in this place.
 B = Non-inter-level travel time spent in this place.
 C = Inter-level travel time spent in this place.
 D = Time resting spent in this place.
 E = Time spent auto-exploring this place.
 F = Levels seen in this place.
 G = Mean time per level.
                   A        B        C        D        E       F      G
               +--------+--------+--------+--------+--------+-----+--------+
         Total |     32 |     32 |      0 |      0 |     12 |   1 |   32.0 |
       Dungeon |     32 |     32 |      0 |      0 |     12 |   1 |   32.0 |
               +--------+--------+--------+--------+--------+-----+--------+

Top non-repeatable levels by time:
     D:1: 32 daAuts
